 Dungeon Crawl Stone Soup version 0.31-a0-986-g5e6e4ef867 (webtiles) character file.

Game seed: 16461733851337811080

2288 LeprechaunX the Changeling (level 9, 0/53 HPs)
             Began as an Octopode Shapeshifter on Nov 20, 2023.
             Was a Priest of Hepliaklqana.
             Killed from afar by an orc wizard (9 damage)
             ... with a puff of flame
             ... on level 7 of the Dungeon.
             The game lasted 00:07:50 (5566 turns).

LeprechaunX the Changeling (Octopode Shapeshifter)  Turns: 5566, Time: 00:07:51

Health: 0/53       AC:  8    Str: 15    XL:     9   Next: 39%
Magic:  10/13      EV: 18    Int: 13    God:    Hepliaklqana [***...]
Gold:   330        SH:  0    Dex: 13    Spells: 10/14 levels left

rFire   . . .        b - +2 short sword (protect)
rCold   . . .        (no shield)
rNeg    . . .        (helmet currently unavailable)
rPois   .            (no amulet)
rElec   .            h - ring of wizardry
rCorr   .            q - +5 ring of evasion
SInv    .            (no ring)
Will    .....        (no ring)
Stlth   ++           (no ring)
HPRegen 0.28/turn    (no ring)
MPRegen 0.13/turn    (no ring)
                     (no ring)

%: wizardry (x1)
@: beast-form, wereblooded, under a protective aura, on blink cooldown
A: beast (slay +3), reduced essence, almost no armour, amphibious, 8 rings,
camouflage 1, gelatinous body 1, (nimble swimmer 1), tentacles
a: Begin Untransformation, Renounce Religion, Recall Ancestor, Ancestor
Identity, Transference


You were on level 7 of the Dungeon.
You worshipped Hepliaklqana.
Hepliaklqana was most pleased with you.
You were a hulking beast.
You visited 1 branch of the dungeon, and saw 8 of its levels.

You collected 330 gold pieces.

Inventory:

Hand Weapons
 a - a +0 orcbow of draining
 b - a +2 short sword of protection (weapon)
 y - a +0 sling
Missiles
 j - 6 boomerangs (quivered)
Jewellery
 h - a ring of wizardry (left tentacle)
 l - an amulet of faith
 q - a +5 ring of evasion (right tentacle)
Talismans
 c - a flux talisman
 m - a blade talisman
 n - a beast talisman
 G - a serpent talisman
Wands
 o - a wand of charming (15)
 w - a wand of digging (6)
Scrolls
 d - a scroll of torment {unknown}
 e - 2 scrolls of poison {unknown}
 i - 2 scrolls of amnesia {unknown}
 p - a scroll of revelation {unknown}
 r - a scroll of vulnerability {unknown}
 s - a scroll of immolation {unknown}
 t - 3 scrolls of teleportation {unknown}
 x - 3 scrolls of fog {unknown}
 z - a scroll of enchant armour {unknown}
 B - 2 scrolls of identify {unknown}
 C - a scroll of acquirement {unknown}
 E - a scroll of butterflies {unknown}
 F - a scroll of blinking {unknown}
 H - a scroll of silence {unknown}
Potions
 f - 2 potions of enlightenment {unknown}
 g - a potion of degeneration {unknown}
 k - 9 potions of curing
 u - a potion of lignification
 v - a potion of brilliance {unknown}
 A - a potion of invisibility {unknown}
 D - a potion of heal wounds {unknown}


   Skills:
 + Level 4.4 Fighting
 + Level 3.8 Throwing
 - Level 2.0 Dodging
 + Level 5.3 Unarmed Combat
 + Level 3.2 Spellcasting
 - Level 3.0 Translocations
 - Level 3.6 Transmutations
 + Level 3.9 Evocations
 * Level 6.3 Shapeshifting


You had 10 spell levels left.
You knew the following spells:

 Your Spells              Type           Power      Damage    Failure   Level
a - Wereblood             Tmut           11%        N/A       3%          2
b - Blink                 Tloc           18%        N/A       4%          2

Your spell library contained the following spells:

 Spells                   Type           Power      Damage    Failure   Level
 Sting                    Tmut/Pois      24%        1d4       4%          1
 Summon Small Mammal      Summ           8%         N/A       9%          1
 Poisonous Vapours        Pois/Air       4%         N/A       14%         2
 Sublimation of Blood     Necr           2%         N/A       14%         2
 Call Canine Familiar     Summ           2%         N/A       26%         3
 Summon Guardian Golem    Hex/Summ       2%         N/A       26%         3
 Manifold Assault         Tloc           9%         N/A       26%         4
 Olgreb's Toxic Radiance  Pois           2%         N/A       63%         4
 Summon Hydra             Summ           1%         N/A       100%        7


Dungeon Overview and Level Annotations

Branches:
Dungeon (8/15)
 Temple: D:4-7         Lair: D:8-11

Altars:
Dithmenos
Elyvilon
Hepliaklqana
Qazlal
Trog

Shops:
D:5 :

Annotations:
D:6 2 transporters, mattiecakes's ghost, novice GrFi


Innate Abilities, Weirdness & Mutations

You are a hulking beast.
Your limbs bulge with bestial killing power. (Slay +3)
Your life essence is reduced to manifest your ancestor. (-10% HP)
You cannot wear most types of armour.
You are amphibious.
You can wear up to eight rings at the same time.
Your skin changes colour to match your surroundings (Stealth+).
Your rubbery body absorbs attacks. (AC +1, EV +1)
((You are camouflaged when in or above water. (Stealth+)))
You have tentacles for arms and can constrict up to eight enemies at once.


Message History

You howl as the wereblood boils in your veins!
You constrict the orc warrior, but do no damage.
You hear a shout!
The orc warrior hits you with a +0 long sword!
* * * LOW HITPOINT WARNING * * *
Casting: Wereblood (safe; 3% risk of failure)
Confirm with . or Enter, or press ? or * to list all spells.
You blink.
You lose your grip on the orc warrior. 2 orcs and an orc wizard come into view.
The orc wizard is wielding a +2 dagger of speed.
Found a dagger.
You howl as the wereblood boils in your veins!
Zolin gestures at the orc warrior while chanting.
The puff of frost hits the orc warrior!
The orc closely misses you.
The steam dragon bites Zolin!
The steam dragon closely misses Zolin.
An orc comes into view. It is wielding a +0 dagger.
The orc wizard hits you but does no damage.
You hit the orc wizard. Your grab misses the orc wizard.
The orc wizard is lightly wounded.
Zolin hits the orc warrior with a +0 quarterstaff.
The orc hits you with a +0 dagger.
* * * LOW HITPOINT WARNING * * *
The steam dragon barely misses Zolin.
The steam dragon claws Zolin.
The orc wizard barely misses you.
The orc warrior hits Zolin with a +0 long sword.
The orc wizard points at you and mumbles some strange words.
The puff of flame hits you but does no damage.
The orc wizard casts a spell.
The orc wizard flickers and vanishes!
Deactivating autopickup; reactivate with Ctrl-A.
It was a potion of curing.
You feel better.
You howl as the wereblood boils in your veins!
Zolin hits the orc warrior with a +0 quarterstaff.
A water moccasin comes into view.
The orc wizard misses you.
The steam dragon closely misses Zolin.
The steam dragon barely misses Zolin.
The orc barely misses you.
The orc warrior closely misses Zolin.
The orc wizard gestures at you while chanting.
The puff of flame hits you!
You die...

####### #####..[...
#.....#####
#.#####.....#
#....§§.§...#
######.####.....#
#...o..####D....###
#.Sooo.#.oR........
#h{...#########.
#.....# # #..#..#
#........ ##.###..#
#.. .. ... . .##


You could see the friendly Zolin the battlemage, a steam dragon, an orc warrior
(distracted, ally target), a water moccasin, 2 orc wizards and 2 orcs.

Vanquished Creatures
  4 yaks (D:6)
  An orc warrior (D:5)
  An ice beast (D:6)
  An ogre (D:4)
  A scorpion (D:4)
  2 howler monkeys
  A jelly (D:4)
  A gnoll bouda (D:6)
  A hound (D:4)
  4 sleepcaps
  Terence (D:3)
  2 iguanas (D:6)
  Robin (D:4)
  2 gnolls
  5 adders
  A shadow imp (D:5)
  2 worms
  6 orcs
  5 ball pythons
  3 endoplasms
  2 giant cockroaches
  11 goblins
  9 hobgoblins
  4 jackals (D:2)
  3 kobolds
  4 quokkas
  6 bats
  A frilled lizard (D:3)
  A rat (D:1)
86 creatures vanquished.

Vanquished Creatures (collateral kills)
  A troll (D:5)
  Edmund (D:4)
  A sky beast (D:6)
  A centaur (D:5)
  A scorpion (D:6)
  A hound (D:6)
  An orc priest (D:5)
  2 sleepcaps
  3 iguanas
  2 orc wizards
  2 gnolls (D:6)
  An adder (D:5)
  A worm (D:4)
  An orc (D:6)
  2 endoplasms (D:4)
  2 giant cockroaches
  4 goblins (D:4)
  2 hobgoblins (D:4)
  2 quokkas
  A rat (D:3)
32 creatures vanquished.

Vanquished Creatures (others)
  2 battlemagi
2 creatures vanquished.

Grand Total: 120 creatures vanquished

Notes
Turn   | Place    | Note
-------+----------+-------------------------------------------
     0 | D:1      | LeprechaunX the Octopode Shapeshifter began the quest for
                  | the Orb.
     0 | D:1      | Reached XP level 1. HP: 13/13 MP: 1/1
   108 | D:1      | Reached XP level 2. HP: 18/18 MP: 2/2
   662 | D:1      | Reached XP level 3. HP: 17/24 MP: 3/3
  1495 | D:2      | Learned a level 2 spell: Wereblood
  1639 | D:2      | Found a faded altar of an unknown god.
  1834 | D:2      | Prayed at the altar of an unknown god.
  1834 | D:2      | Became a worshipper of Hepliaklqana the Forgotten
  1834 | D:2      | Reached * piety under Hepliaklqana
  1995 | D:3      | Reached XP level 4. HP: 26/26 MP: 4/4
  2028 | D:3      | Found a stormy altar of Qazlal.
  2129 | D:3      | Found a shadowy altar of Dithmenos.
  2129 | D:3      | Found a white marble altar of Elyvilon.
  2280 | D:3      | Noticed Terence
  2287 | D:3      | Killed Terence
  2521 | D:4      | Noticed an ogre
  2526 | D:4      | Noticed a scorpion
  2528 | D:4      | Killed an ogre
  2529 | D:4      | Reached skill level 1 in Throwing
  2529 | D:4      | Reached skill level 1 in Transmutations
  2529 | D:4      | Reached skill level 4 in Shapeshifting
  2529 | D:4      | Reached XP level 5. HP: 31/31 MP: 4/6
  2536 | D:4      | Reached skill level 1 in Spellcasting
  2536 | D:4      | Reached skill level 1 in Evocations
  2536 | D:4      | Reached XP level 6. HP: 36/36 MP: 4/7
  2603 | D:4      | Reached ** piety under Hepliaklqana
  2604 | D:4      | Remembered your ancestor Zolin as a battlemage
  2682 | D:4      | Noticed Robin
  2688 | D:4      | Killed Robin
  2763 | D:4      | Noticed Edmund
  2770 | D:4      | Killed Edmund
  2906 | D:4      | Reached XP level 7. HP: 22/40 MP: 9/9
  3018 | D:4      | Found a bloodstained altar of Trog.
  3189 | D:4      | Learned a level 2 spell: Blink
  3327 | D:5      | Entered Level 5 of the Dungeon
  3341 | D:5      | Found Qisez's Book Shop.
  3675 | D:5      | Reached skill level 5 in Shapeshifting
  3706 | D:5      | Reached skill level 1 in Translocations
  3755 | D:5      | Noticed a troll
  3761 | D:5      | Reached XP level 8. HP: 46/46 MP: 11/11
  3773 | D:5      | HP: 1/46 [troll (12)]
  3775 | D:5      | You fall into a shaft and drop 3 floors!
  4080 | D:6      | Noticed mattiecakes's ghost (novice GrFi)
  4130 | D:6      | Noticed a two-headed ogre
  4135 | D:6      | Found a transporter.
  4138 | D:6      | Found a transporter.
  4173 | D:6      | Noticed a yak
  4365 | D:6      | Noticed a yak
  4367 | D:6      | Noticed a yak
  4369 | D:6      | Noticed a yak
  4375 | D:6      | Killed a yak
  4382 | D:6      | Killed a yak
  4391 | D:6      | Killed a yak
  4392 | D:6      | Reached skill level 5 in Unarmed Combat
  4392 | D:6      | Reached XP level 9. HP: 12/52 MP: 13/13
  4393 | D:6      | Reached skill level 6 in Shapeshifting
  4693 | D:6      | Reached *** piety under Hepliaklqana
  5349 | D:5      | Killed a troll
  5563 | D:7      | HP: 2/53 [orc warrior/+0 long sword (9)]
  5566 | D:7      | Killed from afar by an orc wizard

Illustrated notes

Levels and vault maps discovered:
D:1:      lemuel_arrival_muddy, layout_loops_corners, hex_tiny,
          minmay_curled_crystal, item_on_display_a
D:2:      layout_basic, shapermc_ecumenical_altar_notcrosses,
          dreamdust_princess_bridge
D:3:      layout_basic, nicolae_qazlal_general_emergency,
          gammafunk_temple_overflow_elements, kennysheep_nondescript,
          uniq_terence
D:4:      layout_loops_cross, lightli_temple_of_fire, uniq_robin, uniq_edmund
D:5:      layout_basic, serial_shops, nicolae_book_shop_shelving,
          minmay_chambers_of_fives
D:6:      layout_cave_pools, gammafunk_ghost_arena, hellmonk_no_cap
D:7:      layout_basic, temple_hall
D:8:      layout_basic, nicolae_wu_jian_wuxing_cycle, minmay_misc_feat_doors

Skill      XL: |  1  2  3  4  5  6  7  8  9 |
---------------+----------------------------+-----
Fighting       | 2 3 4 |  4.4
Throwing       | 1 2 3 |  3.8
Transmutations | 1 2 3 |  3.6
Shapeshifting  | 4 5 6 |  6.3
Spellcasting   | 1 2 3 |  3.2
Evocations     | 1 2 3 |  3.9
Unarmed Combat | 4 5 |  5.3
Translocations | 1 2 3 |  3.0
Dodging        | |  2.0

Action                     |  1- 3 |  4- 6 |  7- 9 || total
---------------------------+-------+-------+-------++-------
  Melee: Unarmed           |    52 |       |       ||    52
         Constrict         |    16 |    11 |    25 ||    52
         Tentacles         |    15 |    12 |    37 ||    64
         Short sword       |     8 |    54 |    98 ||   160
         Punch             |     1 |     1 |     7 ||     9
  Throw: Boomerang         |       |     9 |    14 ||    23
   Cast: Wereblood         |       |       |     4 ||     4
         Blink             |       |       |     2 ||     2
 Invoke: Ancestor Life: Ba |       |     1 |       ||     1
    Use: Potion            |       |       |     1 ||     1
   Stab: Sleeping          |     9 |     3 |     1 ||    13
         Distracted        |       |     1 |     3 ||     4
 Armour: Skin              |    27 |    15 |    47 ||    89
  Dodge: Dodged            |    27 |    33 |    79 ||   139

Table legend: (Time is in decaauts)
 A = Elapsed time spent in this place.
 B = Non-inter-level travel time spent in this place.
 C = Inter-level travel time spent in this place.
 D = Time resting spent in this place.
 E = Time spent auto-exploring this place.
 F = Levels seen in this place.
 G = Mean time per level.
                   A        B        C        D        E       F      G
               +--------+--------+--------+--------+--------+-----+--------+
         Total |   5565 |   5018 |    547 |    299 |   3959 |   8 |  695.6 |
       Dungeon |   5565 |   5018 |    547 |    299 |   3959 |   8 |  695.6 |
               +--------+--------+--------+--------+--------+-----+--------+

Top non-repeatable levels by time:
     D:5: 1139 daAuts
     D:1: 938 daAuts
     D:2: 908 daAuts
     D:4: 865 daAuts
     D:6: 750 daAuts
     D:3: 611 daAuts
     D:7: 178 daAuts
     D:8: 171 daAuts
